 Dungeon Crawl Stone Soup version 0.30.0 (webtiles) character file.

Game seed: 18330023365919871445

1365 Dani the Shooter (level 8, 0/54 (64) HPs)
             Began as an Armataur Warper on May 8, 2023.
             Was a Follower of Okawaru.
             Slain by a wight
             ... wielding a +3 hand axe of freezing
              (5 damage)
             ... on level 6 of the Dungeon.
             The game lasted 00:15:12 (4960 turns).

Dani the Shooter (Armataur Warper)                  Turns: 4960, Time: 00:15:12

HP:   0/54 (64)     AC: 11    Str: 19    XL:     8   Next: 38%
MP:   10/10         EV: 12    Int: 14    God:    Okawaru [*.....]
Gold: 1058          SH:  0    Dex:  9    Spells: 10/10 levels left

rFire   + + .        p - +2 longbow (heavy)
rCold   + . .        (shield currently unavailable)
rNeg    + . .        u - +0 fire dragon scales
rPois   .            s - +0 helmet
rElec   +            (no cloak)
rCorr   .            w - +0 pair of gloves
SInv    .            (no barding)
Will    .....        (no amulet) Stlth
                     t - +5 ring of evasion
HPRegen 1.09/turn    j - ring of positive energy
MPRegen 0.12/turn

%: roll
@: heavily drained
A: large, rugged brown scales 3, deformed body, armoured tail, roll, long
tongue, awkward tongue, iridescent scales 1, cold resistance 2, regeneration 1,
electricity resistance
a: Renounce Religion, Heroism


You were on level 6 of the Dungeon.
You worshipped Okawaru.
Okawaru was aware of your devotion.
You visited 2 branches of the dungeon, and saw 7 of its levels.

You collected 1522 gold pieces.
You spent 464 gold pieces at shops.

Inventory:

Hand Weapons
 a - a +0 hand axe
 n - a +1 mace of holy wrath
   (You found it on level 2 of the Dungeon)
 p - a +2 heavy longbow (weapon)
   (You bought it in a shop on level 3 of the Dungeon)
Missiles
 d - 7 boomerangs of dispersal
 f - 2 boomerangs
 m - 3 poisoned darts
Armour
 b - a +0 leather armour
 g - a +1 ring mail
   (You found it on level 1 of the Dungeon)
 s - a +0 helmet (worn)
   (You took it off Robin on level 3 of the Dungeon)
 u - +0 fire dragon scales (worn)
   (You found it on level 4 of the Dungeon)
 w - a +0 pair of gloves (worn)
   (You found it on level 4 of the Dungeon)
Jewellery
 j - a ring of positive energy (right hand)
   (You found it on level 5 of the Dungeon)
 t - a +5 ring of evasion (left hand)
   (You found it on level 3 of the Dungeon)
Wands
 l - a wand of mindburst (7)
   (You found it on level 2 of the Dungeon)
Scrolls
 h - a scroll of fear
 r - a scroll of magic mapping {unknown}
 v - a scroll of vulnerability {unknown}
 B - 2 scrolls of blinking
 R - 2 scrolls of identify {@r1}
 T - a scroll of teleportation
Potions
 c - 3 potions of mutation {!q}
 e - a potion of invisibility
 i - a potion of brilliance
 k - 2 potions of attraction
 o - 2 potions of heal wounds {unknown}
 q - 2 potions of haste {unknown}
 y - a potion of degeneration
 Q - 5 potions of curing {@q1}


   Skills:
 - Level 1.7 Fighting
 - Level 4.6 Axes
 * Level 5.7 Ranged Weapons
 - Level 0.8 Throwing
 - Level 1.2 Armour
 - Level 1.4 Dodging
 - Level 1.7 Spellcasting
 - Level 3.0 Translocations
 + Level 3.8 Invocations
 - Level 1.2 Evocations


You had 10 spell levels left.
You didn't know any spells.
Your spell library contained the following spells:

 Spells                   Type           Power      Damage    Failure   Level
 Blink                    Tloc           18%        N/A       38%         2
 Lesser Beckoning         Tloc           18%        N/A       38%         2
 Teleport Other           Tloc           9%         N/A       63%         3
 Sting                    Tmut/Pois      4%         1d3       67%         1
 Ensorcelled Hibernation  Hex/Ice        2%         N/A       82%         2
 Passwall                 Tmut/Erth      0%         N/A       82%         2
 Poisonous Vapours        Pois/Air       2%         N/A       82%         2
 Vhi's Electric Charge    Tloc/Air       10%        N/A       83%         3
 Manifold Assault         Tloc           9%         N/A       95%         4
 Swiftness                Air            1%         N/A       96%         3
 Olgreb's Toxic Radiance  Pois           1%         N/A       100%        4


Dungeon Overview and Level Annotations

Branches:
Dungeon (6/15)             Temple (1/1) D:4

Altars:
Ashenzari
Cheibriados
Dithmenos
Fedhas
Gozag
Kikubaaqudgha
Nemelex Xobeh
Okawaru
Ru
Trog
Uskayaw
Vehumet
Wu Jian
Zin
The Shining One

Shops:
D:3 (

Annotations:
D:5 1 runed translucent door, Crazy Yiuf
Temple 2 transporters


Innate Abilities, Weirdness & Mutations

You are completely covered in rugged brown scales. (AC +3, +7% HP)
Armour fits poorly on your strangely shaped body.
You have a long armoured tail.
You roll when moving toward enemies. (Rampage)
Your long tongue fully drains potion bottles. (2x potion effects)
Your tongue gives you trouble enunciating. (1.5x scroll delay)
You are partially covered in iridescent scales. (AC +2)
Your flesh is very cold resistant. (rC++)
Your natural rate of healing is unusually fast.
You are resistant to electric shocks. (rElec)


Message History

The wight hits you but does no damage.
You shoot an arrow. The arrow hits the wight.
The wight is moderately damaged.
The wight closely misses you. The wight hits you with a +0 hand axe.
You partially resist.
You feel drained.
You shoot an arrow. The arrow closely misses the wight.
The arrow hits the wight but does no damage.
The wight is lightly damaged.
The wight hits you with a +0 hand axe! The wight closely misses you.
You shoot an arrow. The arrow hits the wight!
The wight is severely damaged.
The wight hits you but does no damage. The wight closely misses you.
You shoot an arrow. The arrow hits the wight!!
You destroy the wight!
Okawaru accepts your kill. The wight barely misses you.
Your life force feels restored.
You shoot an arrow. The arrow completely misses the wight.
The arrow hits the wight!!
You destroy the wight!
Okawaru accepts your kill. The wight hits you but does no damage.
The wight hits you with a +3 hand axe of freezing!
You partially resist.
You feel drained. The wight freezes you.
Your life force feels restored.
You shoot an arrow. The arrow completely misses the wight.
The wight barely misses you.
The wight hits you with a +3 hand axe of freezing.
You partially resist.
You feel drained. The wight freezes you.
You shoot an arrow. The arrow hits the wight!
The wight is heavily damaged.
You feel like a meek peon again.
The wight hits you with a +3 hand axe of freezing.
You partially resist.
You feel drained.
You shoot an arrow. The arrow hits the wight.
The wight is severely damaged.
The wight hits you with a +3 hand axe of freezing.
The wight freezes you.
The wight hits you with a +3 hand axe of freezing!
* * * LOW HITPOINT WARNING * * *
You partially resist.
You feel drained.
The wight hits you with a +3 hand axe of freezing.
* * * LOW HITPOINT WARNING * * *
You partially resist.
You feel drained. The wight freezes you.
* * * LOW HITPOINT WARNING * * *
You shoot an arrow. The arrow completely misses the wight.
The wight hits you with a +3 hand axe of freezing.
* * * LOW HITPOINT WARNING * * *
The wight hits you with a +3 hand axe of freezing.
* * * LOW HITPOINT WARNING * * *
You are too injured to fight recklessly!
Unknown command.
You are too injured to fight recklessly!
You are too injured to fight recklessly!
You are too injured to fight recklessly!
Unknown command.
You are too injured to fight recklessly!
You are too injured to fight recklessly!
Unknown command.
Fire: p) +2 longbow (heavy)
Press: ? - help, Q - select action, (/) - cycle Shift-Dir - straight line, f/p - wight
Aim: a wight, wielding a +3 hand axe of freezing and wearing a +0 robe (severely damaged, 56% to hit)
You shoot an arrow. The arrow hits the wight.
The wight is almost destroyed.
The wight hits you with a +3 hand axe of freezing.
* * * LOW HITPOINT WARNING * * *
You partially resist.
You feel drained.
The wight hits you with a +3 hand axe of freezing.
* * * LOW HITPOINT WARNING * * *
You partially resist.
You feel drained.
Fire: p) +2 longbow (heavy)
Press: ? - help, Q - select action, (/) - cycle Shift-Dir - straight line, f/p - wight
Aim: a wight, wielding a +3 hand axe of freezing and wearing a +0 robe (almost destroyed, 56% to hit)
You shoot an arrow. The arrow barely misses the wight.
The wight hits you with a +3 hand axe of freezing.
* * * LOW HITPOINT WARNING * * *
You partially resist.
You feel drained. The wight closely misses you.
Fire: p) +2 longbow (heavy)
Press: ? - help, Q - select action, (/) - cycle Shift-Dir - straight line, f/p - wight
Aim: a wight, wielding a +3 hand axe of freezing and wearing a +0 robe (almost destroyed, 56% to hit)
You shoot an arrow.
The arrow hits the wight but does no damage.
The wight is almost destroyed.
The wight hits you with a +3 hand axe of freezing.
* * * LOW HITPOINT WARNING * * *
You partially resist.
You feel drained. The wight freezes you.
* * * LOW HITPOINT WARNING * * *
The wight hits you with a +3 hand axe of freezing.
* * * LOW HITPOINT WARNING * * *
You partially resist.
You feel drained.
Fire: p) +2 longbow (heavy)
Press: ? - help, Q - select action, (/) - cycle Shift-Dir - straight line, f/p - wight
Aim: a wight, wielding a +3 hand axe of freezing and wearing a +0 robe (almost destroyed, 56% to hit)
You shoot an arrow. The arrow barely misses the wight.
The wight hits you with a +3 hand axe of freezing.
* * * LOW HITPOINT WARNING * * *
The wight freezes you.
* * * LOW HITPOINT WARNING * * *
The wight hits you with a +3 hand axe of freezing.
You die...

##+## #.# ##...## #.#
##.....## ##.#
##.......## ##..#
###.........####...##
).'..)......'.......#
###)........####...##
##.......## #...#
##.....## #@###
##...## #z# ##+## #)#
#.# #.# #.# #.# #.#
.z.zz...#


You could see a wight.

Vanquished Creatures
  A black bear (D:5)
  3 phantoms
  Blork the orc (D:5)
  3 scorpions
  3 wights (D:6)
  2 hounds
  4 jellies
  2 orc priests
  An iguana (D:4)
  3 orc wizards
  Robin (D:3)
  11 gnolls
  6 adders
  2 white imps
  A worm (D:2)
  6 dart slugs
  16 orcs
  9 ball pythons
  7 endoplasms
  3 giant cockroaches
  12 goblins
  7 hobgoblins
  7 quokkas
  2 frilled lizards
  8 kobolds
  3 rats
124 creatures vanquished.

Vanquished Creatures (others)
  2 fungi (D:2)
  A plant (D:2)
3 creatures vanquished.

Grand Total: 127 creatures vanquished

Notes
Turn   | Place    | Note
-------+----------+-------------------------------------------
     0 | D:1      | Dani the Armataur Warper began the quest for the Orb.
     0 | D:1      | Reached XP level 1. HP: 18/18 MP: 3/3
   292 | D:1      | Reached skill level 2 in Axes
   489 | D:1      | Gained mutation: You are clumsy. (Dex -2) [potion of
                  | mutation]
   489 | D:1      | Lost mutation: You are clumsy. (Dex -2) [potion of
                  | mutation]
   489 | D:1      | Gained mutation: You are resistant to electric shocks.
                  | (rElec) [potion of mutation]
   489 | D:1      | Gained mutation: Your flesh is cold resistant. (rC+)
                  | [potion of mutation]
   489 | D:1      | Gained mutation: Your natural rate of healing is unusually
                  | fast. [potion of mutation]
   489 | D:1      | Gained mutation: Your flesh is very cold resistant. (rC++)
                  | [potion of mutation]
   489 | D:1      | Gained mutation: You are partially covered in iridescent
                  | scales. (AC +2) [potion of mutation]
   569 | D:1      | Reached XP level 2. HP: 25/25 MP: 4/4
   959 | D:2      | Found a faded altar of an unknown god.
  1049 | D:2      | Reached XP level 3. HP: 21/31 MP: 5/5
  1059 | D:2      | Reached skill level 3 in Axes
  1061 | D:2      | HP: 6/31 [gnoll/+0 spear (5)]
  1090 | D:2      | HP: 5/31 [gnoll/+0 spear (5)]
  1328 | D:2      | Reached XP level 4. HP: 38/38 MP: 6/6
  1660 | D:1      | Reached skill level 4 in Axes
  1855 | D:3      | Found a shadowy altar of Dithmenos.
  1974 | D:3      | Reached XP level 5. HP: 43/43 MP: 7/7
  1994 | D:3      | Identified a scroll of acquirement
  2066 | D:3      | Reached skill level 1 in Evocations
  2114 | D:3      | Noticed a +3 demon trident
  2115 | D:3      | Found Ycuixi's Weapon Shop.
  2115 | D:3      | Noticed a +0 triple sword
  2128 | D:3      | Acquired 1252 gold pieces
  2130 | D:3      | Bought a +2 heavy longbow for 284 gold pieces
  2454 | D:3      | Noticed Robin
  2476 | D:3      | Killed Robin
  2757 | D:3      | Reached skill level 1 in Ranged Weapons
  2926 | D:4      | Found a staircase to the Ecumenical Temple.
  2986 | Temple   | Entered the Ecumenical Temple
  2986 | Temple   | Found a transporter.
  2986 | Temple   | Found a transporter.
  2988 | Temple   | Found a transporter.
  2988 | Temple   | Found a transporter.
  3010 | Temple   | Became a worshipper of Warmaster Okawaru
  3037 | D:4      | Reached XP level 6. HP: 38/51 MP: 8/8
  3109 | D:4      | Found the +7 Spriggan's Knife {stab, EV+4 Stlth+}
  3111 | D:4      | Found a radiant altar of Vehumet.
  3189 | D:4      | Reached skill level 2 in Ranged Weapons
  3221 | D:4      | Reached skill level 3 in Ranged Weapons
  3230 | D:4      | Reached * piety under Okawaru
  3470 | D:4      | Reached XP level 7. HP: 52/56 MP: 9/9
  3579 | D:5      | Entered Level 5 of the Dungeon
  3593 | D:5      | Found Zin's Purification Station.
  3595 | D:5      | Found a glowing silver altar of Zin.
  3599 | D:5      | Bought 2 potions of curing for 180 gold pieces
  3638 | D:5      | Reached skill level 1 in Invocations
  3684 | D:5      | Reached skill level 4 in Ranged Weapons
  3785 | D:5      | Reached skill level 2 in Invocations
  4153 | D:5      | Noticed Blork the orc
  4162 | D:5      | Killed Blork the orc
  4184 | D:5      | Found a runed translucent door.
  4185 | D:5      | Noticed Crazy Yiuf
  4498 | D:5      | Reached XP level 8. HP: 64/64 MP: 10/10
  4804 | D:6      | Reached skill level 5 in Ranged Weapons
  4804 | D:6      | Reached skill level 3 in Invocations
  4959 | D:6      | HP: 14/56 [wight/+3 hand axe of freezing (4)]
  4960 | D:6      | HP: 6/54 [wight/+3 hand axe of freezing (6)]
  4960 | D:6      | Slain by a wight

Illustrated notes

Levels and vault maps discovered:
D:1:      minmay_arrival_checkered_box, layout_basic
D:2:      layout_basic, shapermc_ecumenical_altar_ellora
D:3:      layout_basic, lemuel_round_altar, serial_shops,
          nicolae_shop_mannequins, uniq_robin
D:4:      layout_basic, mainiacjoe_overflow_concentric_impassable,
          minmay_temple_entry_tees
D:5:      layout_basic, zin_purify, kennysheep_potato, uniq_crazy_yiuf_cottage,
          uniq_blork_the_orc
D:6:      layout_loops_corners, led_sif_book
Temple:   hellmonk_temple_divided_pantheon

Skill      XL: |  1  2  3  4  5  6  7  8 |
---------------+-------------------------+-----
Axes           | 2 3 4 |  4.6
Evocations     | 1 |  1.2
Ranged Weapons | 1 3 4 5 |  5.7
Invocations    | 2 3 |  3.8
Fighting       | |  1.7
Throwing       | |  0.8
Armour         | |  1.2
Dodging        | |  1.4
Spellcasting   | |  1.7
Translocations | |  3.0

Action                     |  1- 3 |  4- 6 |  7- 9 || total
---------------------------+-------+-------+-------++-------
  Melee: Hand axe          |   110 |   118 |       ||   228
         Tailslap          |     9 |    12 |       ||    21
         Punch             |       |     1 |       ||     1
   Fire: Longbow           |       |   121 |    85 ||   206
 Invoke: Heroism           |       |       |     3 ||     3
    Use: Scroll            |     8 |     2 |     3 ||    13
         Potion            |     1 |       |       ||     1
 Armour: Ring mail         |    63 |   155 |     1 ||   219
         Leather armour    |     3 |       |       ||     3
         Fire dragon scale |       |       |    41 ||    41
  Dodge: Dodged            |    58 |   160 |    49 ||   267

Levels and vault maps discovered:
D:1:      minmay_arrival_checkered_box, layout_basic
D:2:      layout_basic, shapermc_ecumenical_altar_ellora
D:3:      layout_basic, lemuel_round_altar, serial_shops,
          nicolae_shop_mannequins, uniq_robin
D:4:      layout_basic, mainiacjoe_overflow_concentric_impassable,
          minmay_temple_entry_tees
D:5:      layout_basic, zin_purify, kennysheep_potato, uniq_crazy_yiuf_cottage,
          uniq_blork_the_orc
D:6:      layout_loops_corners, led_sif_book
Temple:   hellmonk_temple_divided_pantheon

Table legend: (Time is in decaauts)
 A = Elapsed time spent in this place.
 B = Non-inter-level travel time spent in this place.
 C = Inter-level travel time spent in this place.
 D = Time resting spent in this place.
 E = Time spent auto-exploring this place.
 F = Levels seen in this place.
 G = Mean time per level.
                   A        B        C        D        E       F      G
               +--------+--------+--------+--------+--------+-----+--------+
         Total |   5259 |   5147 |    112 |      2 |   3852 |   7 |  751.3 |
       Dungeon |   5216 |   5120 |     96 |      2 |   3847 |   6 |  869.3 |
        Temple |     42 |     26 |     16 |      0 |      5 |   1 |   42.0 |
               +--------+--------+--------+--------+--------+-----+--------+

Top non-repeatable levels by time:
     D:5: 1257 daAuts
     D:3: 1056 daAuts
     D:1: 983 daAuts
     D:2: 892 daAuts
     D:4: 809 daAuts
     D:6: 218 daAuts
  Temple: 42 daAuts

Table legend:
 A = Kills in this place as a percentage of kills in the entire game.
 B = Kills by you in this place as a percentage of kills by you in the entire game.
 C = Kills by friends in this place as a percentage of kills by friends in the entire game.
 D = Other kills in this place as a percentage of other kills in the entire game.
 E = Experience gained in this place as a percentage of experience gained in the entire game.
 F = Experience gained in this place divided by the number of levels of this place that you have seen.
                   A       B       C       D       E      F
               +-------+-------+-------+-------+-------+----------------------
         Total | 100.0 | 100.0 |   N/A |   N/A | 100.0 | 278.7
       Dungeon | 100.0 | 100.0 |   N/A |   N/A | 100.0 | 325.2
               +-------+-------+-------+-------+-------+----------------------
